 Dungeon Crawl Stone Soup version 0.29-a0-344-ge2f44be95a (webtiles) character file.

Game seed: 16783295269191952433

56 NinjaNoafa the Skirmisher (level 3, 0/31 HPs)
             Began as a Demonspawn Abyssal Knight on Apr 21, 2022.
             Was a Believer of Lugonu.
             Slain by a kobold
             ... wielding a +0 whip
              (3 damage)
             ... on level 3 of the Dungeon.
             The game lasted 00:03:01 (2583 turns).

NinjaNoafa the Skirmisher (DsAK)                    Turns: 2583, Time: 00:03:01

Health: 0/31       AC:  3    Str: 13    XL:     3   Next: 71%
Magic:  5/5        EV: 11    Int: 11    God:    Lugonu [**....]
Gold:   68         SH:  4    Dex: 15    Spells: 2/2 levels left

rFire   . . .      SeeInvis .   a - +1 falchion
rCold   . . .      Faith    .   (no shield)
rNeg    . . .      Spirit   .   b - +0 leather armour
rPois   .          Reflect  .   (no helmet)
rElec   .          Harm     .   (no cloak)
rCorr   .          Rampage  .   (no gloves)
Will    .....                   (no boots)
Stlth   +.........              (no amulet)
HPRegen 0.10/turn               (no ring)
MPRegen 0.09/turn               (no ring)

@: mighty
A: condensation shield, mutation resistance 1, robust 1, wild magic 1
a: Renounce Religion, Depart the Abyss, Bend Space


You were on level 3 of the Dungeon.
You worshipped Lugonu.
Lugonu was pleased with you.
You visited 1 branch of the dungeon, and saw 3 of its levels.
You visited the Abyss 1 time.

You collected 68 gold pieces.

Inventory:

Hand Weapons
 a - a +1 falchion (weapon)
Missiles
 e - 85 stones
Armour
 b - a +0 leather armour (worn)
Scrolls
 c - 6 scrolls of identify {unknown}
 f - a scroll of fog {unknown}
 h - 2 scrolls of teleportation {unknown}
 i - 2 scrolls of vulnerability {unknown}
 j - a scroll of blinking {unknown}
 k - a scroll of enchant armour {unknown}
 l - a scroll of noise {unknown}
Potions
 g - a potion of might
 m - a potion of attraction {unknown}


   Skills:
 + Level 3.4 Fighting
 + Level 2.2 Long Blades
 + Level 2.2 Armour
 + Level 1.5 Dodging
 + Level 3.2 Invocations


You had 2 spell levels left.
You didn't know any spells.
Your spell library was empty.

Dungeon Overview and Level Annotations

Branches:
Dungeon (3/15)

Altars:
Xom

Shops:
D:2 *


Innate Abilities, Weirdness & Mutations

A meltable shield of frost defends you. (SH +4)
You are somewhat resistant to further mutation.
You are robust. (+10% HP)
Your spells are a little harder to cast, but a little more powerful.


Message History

The rat attacks as you move away! The rat bites you but does no damage.
The jackal bites you but does no damage.
The jackal closely misses you.
The jackal bites you but does no damage.
The kobold attacks as you move away! The kobold hits you with a +0 whip.
The rat attacks as you move away! You block the rat's attack.
The jackal bites you.
The jackal bites you but does no damage.
The kobold hits you with a +0 whip.
* * * LOW HITPOINT WARNING * * *
The jackal bites you.
* * * LOW HITPOINT WARNING * * *
The jackal bites you.
* * * LOW HITPOINT WARNING * * *
The jackal misses you. The jackal closely misses you.
You closely miss the jackal. The jackal closely misses you.
The jackal bites you.
* * * LOW HITPOINT WARNING * * *
The kobold misses you. The kobold hits you with a +0 whip.
* * * LOW HITPOINT WARNING * * *
The jackal attacks as you move away! You block the jackal's attack.
The kobold attacks as you move away! The kobold closely misses you.
The jackal bites you but does no damage.
The jackal closely misses you. You block the kobold's attack.
The jackal closely misses you. The jackal misses you.
The jackal attacks as you move away! The jackal bites you.
* * * LOW HITPOINT WARNING * * *
The kobold closely misses you.
It was a potion of mutation.
You feel extremely strange.
You feel less in control of your magic.
You feel robust.
You feel genetically stable. The jackal closely misses you.
The kobold closely misses you.
Okay, then.
It was a potion of might.
You feel very mighty all of a sudden. You block the rat's attack.
The kobold hits you but does no damage.
You closely miss the kobold. The rat barely misses you.
The kobold hits you with a +0 whip.
You die...

# .## ..
..##########.
#...........
#..........#
#..........#
#@h.......#
#Kr....$..#
#h........#
#.......<.#
#.........#
########.....
#..##.. ##.#
... .# #.


You could see 2 jackals, a kobold and a rat.

Vanquished Creatures
  An adder (D:2)
  3 worms (D:2)
  3 dart slugs
  5 endoplasms (D:1)
  3 giant cockroaches (D:1)
  2 goblins (D:1)
  2 hobgoblins (D:1)
  A jackal (D:3)
  2 ball pythons (D:1)
  4 bats
  2 frilled lizards (D:1)
  3 kobolds
  A rat (D:1)
32 creatures vanquished.

Notes
Turn   | Place    | Note
-------+----------+-------------------------------------------
     0 | Abyss:1  | NinjaNoafa the Demonspawn Abyssal Knight began the quest
                  | for the Orb.
     0 | Abyss:1  | Reached XP level 1. HP: 18/18 MP: 2/2
     5 | D:1      | Escaped the Abyss
   134 | D:1      | Reached skill level 1 in Dodging
   487 | D:1      | Gained mutation: A meltable shield of frost defends you.
                  | (SH +4) [demonic ancestry]
   487 | D:1      | Reached XP level 2. HP: 23/24 MP: 4/4
   598 | D:1      | Found a faded altar of an unknown god.
  1524 | D:2      | Reached XP level 3. HP: 29/29 MP: 5/5
  1711 | D:2      | Found Cicraxtid's Assorted Antiques.
  1906 | D:2      | Found a shimmering altar of Xom.
  2580 | D:3      | Gained mutation: Your spells are a little harder to cast,
                  | but a little more powerful. [potion of mutation]
  2580 | D:3      | Gained mutation: You are robust. (+10% HP) [potion of
                  | mutation]
  2580 | D:3      | Gained mutation: You are somewhat resistant to further
                  | mutation. [potion of mutation]
  2583 | D:3      | Slain by a kobold

Illustrated notes

Levels and vault maps discovered:
D:1:      elethiomel_arrival_maze, layout_loops_ring,
          hellmonk_ecumenical_altar_leap_of_faith
D:2:      layout_basic, basic_altar, serial_shops, nicolae_shop_hallway_stairs,
          hangedman_abyss_or_decor_lesser_grid
D:3:      layout_rooms, serial_bayou_lagoon_a, st_stairs_11

Skill      XL: |  1  2 |
---------------+-------+-----
Dodging        | 1 |  1.5
Long Blades    | 2 |  2.2
Armour         | 2 |  2.2
Invocations    | 3 |  3.2
Fighting       | |  3.4

Action                   || total
-------------------------++-------
Melee: Falchion          ||   116
       Punch             ||     1
  Use: Potion            ||     2
 Stab: Sleeping          ||     2
Armor: Leather armour    ||    43
Dodge: Dodged            ||    98
Block: Other             ||    27

Table legend: (Time is in decaauts)
 A = Elapsed time spent in this place.
 B = Non-inter-level travel time spent in this place.
 C = Inter-level travel time spent in this place.
 D = Time resting spent in this place.
 E = Time spent auto-exploring this place.
 F = Levels seen in this place.
 G = Mean time per level.
                   A        B        C        D        E       F      G
               +--------+--------+--------+--------+--------+-----+--------+
         Total |   2604 |   2495 |    109 |      0 |   2143 |   4 |  651.0 |
       Dungeon |   2599 |   2490 |    109 |      0 |   2143 |   3 |  866.3 |
         Abyss |      5 |      5 |      0 |      0 |      0 |   1 |    5.0 |
               +--------+--------+--------+--------+--------+-----+--------+

Top non-repeatable levels by time:
     D:1: 1526 daAuts
     D:2: 1046 daAuts
     D:3: 26 daAuts
 Abyss:1: 5 daAuts
